 Dungeon Sprint DCSS version 0.19-a0-879-gdac7d08 (webtiles) character file.

112 Groucho the Vexing (level 4, -2/21 HPs)
             Began as a Spriggan Enchanter on July 4, 2016.
             Was a Priest of Dithmenos.
             Slain by a slave (7 damage)
             ... led by Pikel
             ... in the Dungeon (Sprint VII: "The Pits").
             The game lasted 00:05:29 (1077 turns).

Groucho the Vexing (Spriggan Enchanter)             Turns: 1077, Time: 00:05:29

Health: -2/21      AC:  3    Str:  5    XL:     4   Next: 64%
Magic:  14/14      EV: 18    Int: 16    God:    Dithmenos [***...]
Gold:   0          SH:  0    Dex: 16    Spells: 4 memorised, 9 levels left

rFire  . . .     SeeInvis +     p - +0 dagger (speed)
rCold  . . .     Gourm    .     b - +1 robe
rNeg   . . .     Faith    .     (shield restricted)
rPois  .         Spirit   .     (helmet restricted)
rElec  .         Dismiss  .     (no cloak)
rCorr  .         Reflect  .     (gloves unavailable)
SustAt .         Harm     .     (boots unavailable)
MR     .....     NoTele   +     (no amulet)
Stlth  ++++++....               (no ring)
                                (no ring)

@: wreathed by umbra, very quick, not resistant to hostile enchantments, very
stealthy
A: unfitting armour, see invisible, herbivore 3, speed 3, slow metabolism 2
a: Shadow Step, Renounce Religion


You were in the Dungeon.
You worshipped Dithmenos.
Dithmenos was most pleased with you.
You were not hungry.

You visited 1 branch

Inventory:

Hand Weapons
 a - a +2 dagger
 p - a +0 dagger of speed (weapon)
 q - a +2 dagger of electrocution
Missiles
 o - 8 stones (quivered)
Armour
 b - a +1 robe (worn)
Scrolls
 j - a scroll of blinking
 l - 3 scrolls of remove curse
 m - 5 scrolls of amnesia
 n - a scroll of summoning
Potions
 e - 2 potions of invisibility
 f - 6 potions of heal wounds
 g - a potion of haste
 h - 3 potions of magic
 i - 3 potions of berserk rage
 r - 4 potions of curing
Books
 c - a book of Maledictions

   Spells                             Type                      Level
   a - Corona                         Hexes                        1
   b - Ensorcelled Hibernation        Hexes/Ice                    2
   c - Confuse                        Hexes                        3
   d - Tukima's Dance                 Hexes                        3
   e - Dazzling Spray                 Conjuration/Hexes            3
Comestibles
 d - 8 bread rations
 k - 40 fruits


   Skills:
 - Level 1.1 Short Blades
 - Level 3.0 Dodging
 + Level 7.7 Stealth
 * Level 7.6 Spellcasting
 * Level 7.9 Hexes


You had 9 spell levels left.
You knew the following spells:

 Your Spells              Type           Power        Failure   Level  Hunger
a - Corona                Hex            ####...      1%          1    None
b - Ensorcelled Hibernat  Hex/Ice        ###...       4%          2    None
c - Confuse               Hex            ####....     1%          3    ##.....
d - Dazzling Spray        Conj/Hex       ###...       10%         3    ##.....


Dungeon Overview and Level Annotations

Branches:
Dungeon (1/1)

Altars:
Ashenzari
Cheibriados
Dithmenos
Elyvilon
Fedhas
Gozag
Kikubaaqudgha
Makhleb
Nemelex Xobeh
Okawaru
Pakellas
Qazlal
Ru
Sif Muna
Trog
Vehumet
Xom
Yredelemnul
Zin
The Shining One
Beogh
Jiyva
Lugonu

Annotations:
D Pikel


Innate Abilities, Weirdness & Mutations

You are tiny and cannot use many weapons and most armour.
You have supernaturally acute eyesight. (SInv)
You are a herbivore.
You cover ground extremely quickly.
You need consume almost no food.


Message History

There is a staircase leading out of the dungeon here.
Casting: Ensorcelled Hibernation
Confirm with . or Enter, or press ? or * to list all spells.
Aiming: Ensorcelled Hibernation
Press: ? - help, Shift-Dir - straight line, f/p - slave
Aim: a slave, wearing an animal skin (umbra, chance to defeat MR: 49%)
The slave resists with some effort.
The slave hits you!
* * * LOW HITPOINT WARNING * * *
Casting: Ensorcelled Hibernation
Confirm with . or Enter, or press ? or * to list all spells.
Aiming: Ensorcelled Hibernation
Press: ? - help, Shift-Dir - straight line, f/p - slave
Aim: a slave, wearing an animal skin (umbra, chance to defeat MR: 49%)
The slave resists with some effort.
The gnoll shouts!
The gnoll shaman calls upon its god to speed up the gnoll.
The gnoll seems to speed up.
Magic courses through your body. The slave hits you!
You die...

#######'#####...........
#.)...g.p..p'...g.......
#g#####'#####......#..#.
#.#..#...'.##...........
#g#..#)..#.#####g#####++
#.#..#####.##.......#
#g#..'...#รท##.......#
#K#..'...'.##.p.....#
#g#..########@..<...#
#.#..'[))).##.......#
#g#..#[))..##.......#
#'###########.......#
#.. ######### #.g( #p(.#
#.##g #.p #g


You could see a slave and a gnoll shaman.

Vanquished Creatures
  A slave (D)
  A quasit (D)
  4 gnolls (D)
  3 adders (D)
  A giant gecko (D)
  3 jackals (D)
  A giant newt (D)
  A goblin (D)
15 creatures vanquished.

Notes
Turn   | Place    | Note
-------+----------+-------------------------------------------
     0 | D        | Groucho the Spriggan Enchanter began the quest for the Orb.
     0 | D        | Reached XP level 1. HP: 9/9 MP: 5/5
    83 | D        | Found a sacrificial altar of Ru.
    83 | D        | Found a basalt altar of Yredelemnul.
    83 | D        | Found a shadowy altar of Dithmenos.
    83 | D        | Found a deep blue altar of Sif Muna.
    83 | D        | Found a burning altar of Makhleb.
    83 | D        | Found a shimmering altar of Xom.
    83 | D        | Found an ancient bone altar of Kikubaaqudgha.
    83 | D        | Found a sparkling altar of Nemelex Xobeh.
    84 | D        | Found a glowing golden altar of the Shining One.
    84 | D        | Found a bloodstained altar of Trog.
    84 | D        | Found a shattered altar of Ashenzari.
    84 | D        | Found a white marble altar of Elyvilon.
    84 | D        | Found a snail-covered altar of Cheibriados.
    84 | D        | Found a blossoming altar of Fedhas.
    84 | D        | Found a radiant altar of Vehumet.
    84 | D        | Found a glowing silver altar of Zin.
    84 | D        | Found a corrupted altar of Lugonu.
    84 | D        | Found a viscous altar of Jiyva.
    84 | D        | Found a roughly hewn altar of Beogh.
    84 | D        | Found an iron altar of Okawaru.
    85 | D        | Found an oddly glowing altar of Pakellas.
    90 | D        | Found a stormy altar of Qazlal.
    90 | D        | Found an opulent altar of Gozag.
   231 | D        | Became a worshipper of Dithmenos the Shadowed
   243 | D        | Reached skill level 5 in Stealth
   243 | D        | Reached skill level 5 in Hexes
   243 | D        | Reached XP level 2. HP: 13/13 MP: 6/8
   245 | D        | Reached skill level 5 in Spellcasting
   249 | D        | Learned a level 2 spell: Ensorcelled Hibernation
   283 | D        | Reached * piety under Dithmenos
   286 | D        | Reached XP level 3. HP: 16/16 MP: 3/11
   518 | D        | Reached ** piety under Dithmenos
   665 | D        | Learned a level 3 spell: Confuse
   669 | D        | Learned a level 3 spell: Dazzling Spray
   684 | D        | Reached XP level 4. HP: 21/21 MP: 8/13
   746 | D        | Noticed a slave
   746 | D        | Noticed a slave
   746 | D        | Noticed a slave
  1005 | D        | Noticed Pikel
  1005 | D        | Noticed a slave
  1022 | D        | Killed a slave
  1024 | D        | Reached *** piety under Dithmenos
  1077 | D        | Slain by a slave

Vault maps used:
D:        pitsprint

Skill      XL: |  1  2  3  4 |
---------------+-------------+-----
Spellcasting   | 4 5 6 7 |  7.6
Hexes          | 5 7 |  7.9
Stealth        | 5 6 7 |  7.7
Short Blades   | |  1.1
Dodging        | |  3.0

Action                   |  1- 3 |  4- 6 || total
-------------------------+-------+-------++-------
Melee: Dagger            |    45 |     4 ||    49
Throw: Stone             |     3 |     2 ||     5
 Cast: Ensorcelled Hiber |     7 |     8 ||    15
       Confuse           |     1 |       ||     1
       Dazzling Spray    |       |     1 ||     1
  Use: Potion            |     1 |     2 ||     3
 Stab: Sleeping          |     7 |     4 ||    11
       Confused          |     1 |       ||     1
Armor: Robe              |     7 |       ||     7
Dodge: Dodged            |    56 |     1 ||    57
